 Dungeon Crawl Stone Soup version bcrawl-1.37.2 (webtiles) character file.

Game seed: 2415886196845846408

395042 Mehrunes the Destroyer (level 13, -2/79 HPs)
             Began as an Avariel Fire Elementalist on Nov 3, 2022.
             Was a High Priest of Sif Muna.
             Slain by a black mamba (15 damage)
             ... on level 3 of the Lair of Beasts.
             The game lasted 00:30:47 (14321 turns).

Mehrunes the Destroyer (Avariel Fire Elementalist) Turns: 14321, Time: 00:30:47

Health: -2/79      AC: 11    Str:  7    XL:     13   Next: 2%
Magic:  12/30      EV: 20    Int: 26    God:    Sif Muna [*****.]
Gold:   967        SH:  0    Dex: 13    Spells: 13/34 levels left

rFire    . . .     GDR:     25% F - +0 dagger (holy)
rCold    + . .     SeeInvis .   (no shield)
rNeg     . . .     Gourm    .   P - +0 troll leather armour
rPois    .         Faith    .   Q - +2 helmet
rElec    .         Spirit   .   w - +2 cloak
rCorr    .         Reflect  .   (no gloves)
MR       ++...                  S - +0 pair of boots
Stlth    ++........             l - amulet of the acrobat
HPRegen  0.63/turn              z - ring of protection from cold
MPRegen  0.22/turn              U - ring of protection from magic

@: flying quickly and evasively, quick
A: able to fly
a: Stop Flying, Divine Energy, Channel Magic, Forget Spell, Moment of Magic,
Renounce Religion


You were on level 3 of the Lair of Beasts.
You worshipped Sif Muna.
Sif Muna was extremely pleased with you.
You were hungry.

You visited 3 branches of the dungeon, and saw 13 of its levels.
You also visited: Sewer.

You collected 967 gold pieces.

Inventory:

Hand Weapons
 f - a +0 dagger
 y - a -2 dagger
 F - a +0 dagger of holy wrath (weapon)
 G - a +2 flail of protection
Missiles
 x - 39 poisoned tomahawks (quivered)
Armour
 a - a +0 robe
 w - a +2 cloak (worn)
 D - a +0 ring mail
 K - a +1 robe of magic recovery
 P - a +0 troll leather armour (worn)
 Q - a +2 helmet (worn)
 S - a +0 pair of boots (worn)
Magical Staves
 M - an uncursed staff of death
 N - an uncursed staff of air
Jewellery
 l - an amulet of the acrobat (around neck)
 z - a ring of protection from cold (left hand)
 U - a ring of protection from magic (right hand)
Wands
 c - a wand of flame (4)
 I - a wand of charming (8)
 R - a wand of acid (7)
 X - a wand of clouds (3)
 Z - a wand of polymorph (15)
Scrolls
 k - 4 scrolls of fog
 m - 4 scrolls of remove curse
 o - 2 scrolls of enchant weapon {unknown}
 p - a scroll of immolation {unknown}
 r - 2 scrolls of blinking {unknown}
 t - 5 scrolls of amnesia
 A - a scroll of noise {unknown}
 B - a scroll of fear {unknown}
 C - 3 scrolls of magic mapping
 J - 3 scrolls of enchant armour
 W - a scroll of acquirement {unknown}
Potions
 b - a potion of magic {unknown}
 g - 3 potions of haste {unknown}
 h - 4 potions of might
 j - 3 potions of flight {unknown}
 n - a potion of mutation {unknown}
 q - 8 potions of curing
 s - 4 potions of heal wounds
 u - 5 potions of agility {unknown}
 v - 2 potions of berserk rage {unknown}
 E - a potion of invisibility {unknown}
 H - 6 potions of brilliance {unknown}
 L - a potion of ambrosia {unknown}
 O - a potion of degeneration {unknown}
 Y - a potion of cancellation {unknown}
Miscellaneous
 V - a phantom mirror
Comestibles
 e - 11 rations {!d}
 T - 5 chunks of flesh


   Skills:
 + Level 8.4 Fighting
 + Level 10.3 Dodging
 - Level 2.1 Stealth
 + Level 11.4 Spellcasting
 + Level 11.9 Conjurations
 - Level 10.0 Fire Magic
 * Level 6.8 Air Magic
 - Level 5.0 Invocations


You had 13 spell levels left.
You knew the following spells:

 Your Spells              Type           Power        Failure   Level  Hunger
a - Flame Tongue          Conj/Fire      #####        1%          1    None
b - Conjure Flame         Conj/Fire      ######..     1%          3    None
c - Sticky Flame          Conj/Fire      ######..     1%          4    None
d - Fireball              Conj/Fire      ######....   1%          5    ###....
e - Chain Lightning       Conj/Air       ######....   100%        8    #######

Your spell library contained the following spells:

 Spells                   Type           Power        Failure   Level  Hunger
 Magic Dart               Conj           ####         1%          1    None
 Flaming Arrows           Chrm/Fire      #####...     1%          2    None
 Searing Ray              Conj           ######..     1%          2    None
 Lightning Bolt           Conj/Air       ######..     1%          4    None
 Inner Flame              Hex/Fire       N/A          2%          3    None
 Corona                   Hex            ##.....      6%          1    None
 Shackle                  Hex            ##......     9%          2    None
 Bolt of Draining         Conj/Necr      #####.....   14%         5    ###....
 Iskenderun's Battlesphe  Conj/Chrm      #####...     14%         5    ###....
 False Image              Hex/Summ       ##......     19%         3    None
 Animate Dead             Necr           N/A          52%         4    None
 Cause Fear               Hex            ##........   52%         4    None
 Tree Form                Hex/Tmut       N/A          52%         4    None
 Yara's Violent Unravell  Hex/Tmut       ##........   52%         4    None
 Simulacrum               Ice/Necr       ##......     100%        6    #####..
 Glaciate                 Conj/Ice/Air   #####.....   100%        8    #######


Dungeon Overview and Level Annotations

Branches:
Dungeon (8/12)             Temple (1/1) D:5            Lair (4/6) D:8
  Snake (0/3) Lair:2
  Swamp: Lair:2-4    Shoals: Lair:2-4    Spider: Lair:2-4       Orc: D:8-11

Altars:
Ashenzari
Cheibriados
Dithmenos
Elyvilon
Fedhas
Gozag
Hepliaklqana
Kikubaaqudgha
Nemelex Xobeh
Okawaru
Qazlal
Ru
Sif Muna
Trog
Uskayaw
Vehumet
Wu Jian
Xom
Yredelemnul
Zin
The Shining One

Annotations:
D:4 1 exclusion
D:7 2 transporters, Maksi666's ghost, novice MiBe
D:8 Grum; Joseph


Innate Abilities, Weirdness & Mutations

You can fly continuously.


Message History

The blink frog is engulfed in calcifying dust.
The blink frog is moving more slowly.
The blink frog blinks!
The blink frog stops moving altogether!
There is a stone staircase leading up, spattered with blood here.
The black mamba misses you.
The black mamba bites you but does no damage.
A rune on the stairs sparks and fizzles.
You fly upwards.
There is a stone staircase leading down here.
Casting: Sticky Flame (safe; 1% risk of failure)
Confirm with . or Enter, or press ? or * to list all spells.
Aiming: Sticky Flame (safe; 1% risk of failure)
Press: ? - help, Shift-Dir - straight line, f - black mamba
Aim: a black mamba (heavily wounded)
The sticky flame hits the black mamba!
The black mamba is almost dead.
The black mamba is covered in liquid flames!
The black mamba burns!
The black mamba bites you!
You die...

..## #...P#..#....#.....)..P####
#.# #....P.....##...........##.
#.## #........................#.
#..####...#....#...............P.
...##PP....#....##...............
...<...........#.................
............)....................
P..###...........................
#...##.......#..@................
...#.#....#...###S...............
..........##.## #.####....#...##.
..........#P..# ### #..#.##..###.
..........##.P# ##.####...###
.....#....##..# ##.###...####
.....#....#...# #..##.#..##..
.............## #...#........
.............P# ##..#....#P.#


You could see a black mamba (burning).

Vanquished Creatures
  A dire elephant (Lair:2)
  2 oklob plants (Lair:1)
  21 elephants
  2 black mambas
  3 cane toads
  4 komodo dragons
  A rime drake (Lair:2)
  2 trolls
  2 polar bears
  Grinder (D:6)
  Prince Ribbit (D:8)
  A hornet (D:8)
  5 dream sheep (Lair:4)
  3 blink frogs (Lair:4)
  4 hippogriffs
  Sigmund (D:4)
  A spriggan (Lair:2)
  6 yaks
  A basilisk (Lair:2)
  Edmund (D:4)
  6 crocodiles
  2 nagas (Lair:2)
  5 water moccasins
  4 porcupines
  Duvessa (D:5)
  An orc warrior (D:7)
  2 ice beasts (D:6)
  A slave (D:8)
  2 ogres
  A black bear (Lair:1)
  2 phantoms
  3 sky beasts
  A necrophage (D:5)
  9 wolves
  11 bullfrogs
  A gnoll sergeant (D:8)
  4 centaurs
  Dowan (D:5)
  2 scorpions
  5 killer bees (D:7)
  3 orc priests
  3 crimson imps
  2 quasits
  2 bullfrog skeletons
  3 hounds
  6 orc wizards
  An iguana (D:6)
  7 worker ants
  A hound zombie (D:5)
  A hound skeleton (D:5)
  A howler monkey zombie (D:7)
  A worker ant zombie (D:5)
  3 gnolls (D:8)
  13 adders
  A howler monkey skeleton (D:4)
  8 river rats
  2 shadow imps (D:8)
  4 oozes
  An adder skeleton (D:4)
  4 worms
  2 dart slugs (D:1)
  4 leopard geckos
  19 orcs
  A giant cockroach (D:3)
  4 goblins
  9 hobgoblins
  15 jackals
  27 kobolds
  3 quokkas
  4 ball pythons
  3 bats
  4 frilled lizards
  A jackal skeleton (D:3)
  A quokka skeleton (D:3)
  18 rats
  2 plants (Lair:1)
311 creatures vanquished.

Vanquished Creatures (others)
  81 fungi
  56 plants (Lair:2)
137 creatures vanquished.

Grand Total: 448 creatures vanquished

Notes
Turn   | Place    | Note
-------+----------+-------------------------------------------
     0 | D:1      | Mehrunes the Avariel Fire Elementalist began the quest for
                  | the Orb.
     0 | D:1      | Reached XP level 1. HP: 10/10 MP: 6/6
   113 | D:1      | Reached XP level 2. HP: 16/16 MP: 3/7
   416 | D:1      | Reached XP level 3. HP: 20/20 MP: 6/9
   936 | D:2      | Learned a level 3 spell: Conjure Flame
  1005 | D:2      | Reached skill level 1 in Fighting
  1217 | D:2      | Found a shadowy altar of Dithmenos.
  1220 | D:2      | Found a bloodstained altar of Trog.
  1226 | D:2      | Found a shimmering altar of Xom.
  1228 | D:2      | Found a white marble altar of Elyvilon.
  1228 | D:2      | Found a blossoming altar of Fedhas.
  1228 | D:2      | Found a snail-covered altar of Cheibriados.
  1228 | D:2      | Found an opulent altar of Gozag.
  1229 | D:2      | Found a glowing silver altar of Zin.
  1230 | D:2      | Found a basalt altar of Yredelemnul.
  1232 | D:2      | Found a hide-covered altar of Uskayaw.
  1233 | D:2      | Found a stormy altar of Qazlal.
  1986 | D:3      | Reached XP level 4. HP: 25/25 MP: 5/10
  2859 | D:3      | Reached XP level 5. HP: 29/29 MP: 9/12
  3141 | D:4      | Learned a level 4 spell: Sticky Flame
  3183 | D:4      | Reached XP level 6. HP: 28/35 MP: 9/14
  3496 | D:4      | Noticed Edmund
  3518 | D:4      | Killed Edmund
  3917 | D:4      | Noticed a phantom
  3928 | D:4      | Killed a phantom
  3928 | D:4      | Noticed Sigmund
  3929 | D:4      | Reached XP level 7. HP: 40/40 MP: 10/15
  3940 | D:4      | Killed Sigmund
  3941 | D:4      | Reached skill level 5 in Fire Magic
  3945 | D:4      | Reached skill level 5 in Spellcasting
  4127 | D:4      | Reached skill level 5 in Conjurations
  4276 | D:4      | Reached XP level 8. HP: 11/46 MP: 6/18
  4385 | D:4      | Learned a level 5 spell: Fireball
  4419 | D:4      | Found a shattered altar of Ashenzari.
  4576 | D:5      | Entered Level 5 of the Dungeon
  4670 | D:5      | Found a glowing drain.
  4777 | Sewer    | Entered a sewer
  4867 | Sewer    | Reached skill level 5 in Dodging
  6039 | D:5      | Noticed Dowan
  6196 | D:5      | Noticed Duvessa
  6209 | D:5      | Killed Duvessa
  6213 | D:5      | Killed Dowan
  6214 | D:5      | Gained mutation: You can fly continuously. [Avariel growth]
  6214 | D:5      | Reached XP level 9. HP: 42/52 MP: 10/20
  6431 | D:5      | Found a staircase to the Ecumenical Temple.
  6553 | Temple   | Entered the Ecumenical Temple
  6743 | Temple   | Became a worshipper of Sif Muna the Loreminder
  6791 | D:6      | Noticed a troll
  6821 | D:6      | Noticed Grinder
  6833 | D:6      | Reached skill level 1 in Invocations
  6834 | D:6      | Paralysed by Grinder for 2 turns
  6836 | D:6      | Killed Grinder
  7052 | D:6      | Killed a troll
  7053 | D:6      | Reached * piety under Sif Muna
  7081 | D:5      | Reached skill level 5 in Fighting
  7415 | D:5      | Reached XP level 10. HP: 54/59 MP: 23/23
  7637 | D:7      | Found a transporter.
  7856 | D:7      | Found a transporter.
  7857 | D:7      | Noticed Maksi666's ghost (novice MiBe)
  7899 | D:7      | Identified Jexil's Handbook of Frigorific Arcane Weapons
                  | (Sif Muna gifted it to you on level 7 of the Dungeon)
  7899 | D:7      | Received a gift from Sif Muna
  8398 | D:7      | Reached ** piety under Sif Muna
  8914 | D:8      | Noticed Joseph
  9019 | D:8      | Noticed Prince Ribbit
  9033 | D:8      | Killed Prince Ribbit
  9040 | D:8      | Noticed Grum
  9246 | D:8      | Noticed a death yak
  9248 | D:8      | Noticed a death yak
  9334 | D:8      | Found a staircase to the Lair.
  9342 | D:8      | Noticed a death yak
  9344 | Lair:1   | Entered Level 1 of the Lair of Beasts
  9344 | Lair:1   | Noticed a cane toad
  9354 | Lair:1   | Killed a cane toad
  9355 | Lair:1   | Reached *** piety under Sif Muna
  9464 | Lair:1   | Learned a level 8 spell: Chain Lightning
  9595 | Lair:1   | Reached skill level 5 in Invocations
  9742 | Lair:1   | Reached XP level 11. HP: 64/64 MP: 13/25
 10346 | Lair:1   | Noticed an oklob plant
 10351 | Lair:1   | Killed an oklob plant
 10493 | Lair:1   | Noticed an oklob plant
 10501 | Lair:1   | Killed an oklob plant
 10502 | Lair:1   | Reached **** piety under Sif Muna
 11014 | Lair:1   | Reached skill level 10 in Conjurations
 11309 | Lair:2   | Found a staircase to the Snake Pit.
 11682 | Lair:2   | Reached skill level 10 in Spellcasting
 11744 | Lair:2   | Identified Sif Muna's Volume of the Rattle-Snake (Sif Muna
                  | gifted it to you on level 2 of the Lair of Beasts)
 11744 | Lair:2   | Received a gift from Sif Muna
 11768 | Lair:2   | Reached ***** piety under Sif Muna
 11903 | Lair:2   | Noticed a dire elephant
 11972 | Lair:2   | Reached XP level 12. HP: 60/72 MP: 15/28
 12439 | Lair:2   | Reached skill level 10 in Fire Magic
 12479 | Lair:2   | Reached skill level 1 in Air Magic
 12550 | Lair:2   | Killed a dire elephant
 13343 | Lair:3   | Reached skill level 5 in Air Magic
 13352 | Lair:3   | Reached skill level 10 in Dodging
 14278 | Lair:4   | Reached XP level 13. HP: 79/79 MP: 22/30
 14321 | Lair:3   | Slain by a black mamba

Skill      XL: |  1  2  3  4  5  6  7  8  9 10 11 12 |
---------------+-------------------------------------+-----
Spellcasting   | 3 4 5 6 7 8 10 11 | 11.4
Conjurations   | 2 3 4 5 6 7 9 10 11 | 11.9
Fighting       | 1 2 3 4 5 6 7 8 |  8.4
Dodging        | 3 4 5 6 7 9 10 | 10.3
Fire Magic     | 4 5 6 7 8 9 10 | 10.0
Invocations    | 3 5 |  5.0
Air Magic      | 6 |  6.8
Stealth        | |  2.1

Action                   |  1- 3 |  4- 6 |  7- 9 | 10-12 | 13-15 || total
-------------------------+-------+-------+-------+-------+-------++-------
Melee: Dagger            |     1 |     6 |    73 |   113 |       ||   193
       Staff             |       |       |     2 |       |       ||     2
Throw: Tomahawk          |       |    23 |    14 |       |       ||    37
       Stone             |       |     2 |       |       |       ||     2
 Cast: Flame Tongue      |    64 |    94 |   243 |   180 |     8 ||   589
       Conjure Flame     |       |     3 |     2 |     7 |       ||    12
       Sticky Flame      |       |       |    16 |    82 |     3 ||   101
       Fireball          |       |       |       |    85 |       ||    85
Invok: Divine Energy     |       |       |       |     8 |       ||     8
       Channel Magic     |       |       |       |     2 |       ||     2
  Use: Scroll            |       |     2 |     4 |     4 |       ||    10
       Potion            |       |       |       |     2 |       ||     2
  Eat: Chunk             |     4 |     9 |    18 |    40 |       ||    71
       Ration            |       |       |       |     2 |       ||     2
Armor: Robe              |     7 |    12 |     5 |       |       ||    24
       Ring mail         |       |     5 |    42 |       |       ||    47
       Troll leather arm |       |       |    11 |    84 |     5 ||   100
Dodge: Dodged            |    20 |    53 |   183 |   300 |     6 ||   562
